 Dungeon Crawl Stone Soup version 0.31-a0-672-g7da72447bb (webtiles) character file.

Game seed: 1791514050485038447

19789 avis the Metamorph (level 12, 0/61 HPs)
             Began as a Felid Shapeshifter on Sept 4, 2023.
             Was an Initiate of Gozag.
             Shot with an arrow by Nessos (13 damage)
             ... on level 12 of the Dungeon.
             The game lasted 01:33:36 (12471 turns).

avis the Metamorph (Felid Shapeshifter)            Turns: 12471, Time: 01:33:36

Health: 0/61       AC: 12    Str: 17    XL:     12   Next: 39%
Magic:  13/13      EV: 20    Int: 12    God:    Gozag
Gold:   975        SH:  0    Dex: 18    Spells: 9/11 levels left
                                        Lives:  0   Deaths: 4

rFire   . .          .
                       - Unarmed
rCold   . . .        (shield unavailable)
rNeg    . . .        (body armour unavailable)
rPois   +            (helmet unavailable)
rElec   .            (cloak unavailable)
rCorr   .            (gloves unavailable)
SInv    +            (boots unavailable)
Will    +....        j - amulet of regeneration
Stlth   +++          L - ring of poison resistance
HPRegen 1.10/turn    C - +5 ring of evasion
MPRegen 0.13/turn

%: no passive effects
@: snake-form
A: constrict, boosted hp, large, (claws 1), (fangs 3), see invisible, (speed 1),
(shaggy fur 3), (stealthy paws), no weapons or thrown items, no armour,
multi-lived
a: Begin Untransformation, Renounce Religion, Potion Petition, Call Merchant,
Bribe Branch


You were on level 12 of the Dungeon.
You worshipped Gozag.
Gozag was pleased with you.
You were an enormous anaconda.
You visited 3 branches of the dungeon, and saw 14 of its levels.

You collected 2359 gold pieces.
You spent 600 gold pieces at shops.
You paid 784 gold pieces to Gozag.

Inventory:

Jewellery
 j - an amulet of regeneration (around neck)
 t - a ring of protection from cold
 C - a +5 ring of evasion (right hand)
 D - a ring of wizardry
 L - a ring of poison resistance (left hand)
 M - a +6 ring of dexterity
 N - an amulet of reflection
Talismans
 l - a blade talisman
 s - a serpent talisman (active)
Wands
 k - a wand of paralysis (3)
 A - a wand of flame (9)
 O - a wand of polymorph (6)
Scrolls
 b - a scroll of immolation
 e - 5 scrolls of fog {unknown}
 f - 3 scrolls of teleportation {unknown}
 q - a scroll of noise {unknown}
 r - 3 scrolls of vulnerability {unknown}
 u - 2 scrolls of revelation {unknown}
 y - 2 scrolls of poison {unknown}
 z - a scroll of summoning {unknown}
 B - a scroll of enchant armour {unknown}
 E - a scroll of torment {unknown}
 F - 2 scrolls of fear {unknown}
 H - 4 scrolls of blinking {unknown}
Potions
 a - 2 potions of lignification
 d - a potion of brilliance {unknown}
 h - 2 potions of enlightenment
 n - 2 potions of cancellation
 o - 6 potions of heal wounds
 p - a potion of magic {unknown}
 v - a potion of invisibility {unknown}
 w - a potion of attraction {unknown}
 x - 2 potions of resistance
 G - 3 potions of curing
 J - 2 potions of might
 P - 2 potions of berserk rage


   Skills:
 - Level 5.0 Fighting
 - Level 10.0 Dodging
 - Level 6.0 Stealth
 - Level 10.0 Unarmed Combat
 - Level 1.0 Transmutations
 - Level 3.0 Evocations
 * Level 15.6 Shapeshifting


You had 9 spell levels left.
You knew the following spells:

 Your Spells              Type           Power      Damage    Failure   Level
e - Wereblood             Tmut           2%         N/A       32%         2

Your spell library contained the following spells:

 Spells                   Type           Power      Damage    Failure   Level
 Apportation              Tloc           0%         N/A       32%         1
 Magic Dart               Conj           0%         1d3       32%         1
 Necrotise                Necr           0%         1d4       32%         1
 Sandblast                Erth           0%         2d4       32%         1
 Summon Small Mammal      Summ           0%         N/A       32%         1
 Passwall                 Tmut/Erth      0%         N/A       38%         2
 Ensorcelled Hibernation  Hex/Ice        0%         N/A       45%         2
 Searing Ray              Conj           0%         2d4       45%         2
 Sublimation of Blood     Necr           0%         N/A       45%         2
 Call Canine Familiar     Summ           0%         N/A       69%         3
 Dazzling Flash           Conj/Hex       0%         N/A       69%         3
 Inner Flame              Hex/Fire       0%         N/A       69%         3
 Stone Arrow              Conj/Erth      0%         3d7       69%         3
 Swiftness                Air            0%         N/A       69%         3
 Anguish                  Hex/Necr       0%         N/A       97%         4
 Flame Wave               Conj/Fire      0%         2d4       97%         4
 Fulminant Prism          Conj/Hex       0%         3d5       97%         4
 Leda's Liquefaction      Hex/Erth       0%         N/A       97%         4
 Sticky Flame             Conj/Fire      0%         2d3       97%         4
 Agony                    Necr           0%         N/A       100%        5
 Silence                  Hex/Air        0%         N/A       100%        5
 Summon Hydra             Summ           0%         N/A       100%        7
 Portal Projectile        Hex/Tloc       Unusable   N/A       N/A         3

Dungeon Overview and Level Annotations

Branches:
Dungeon (12/15)            Temple (1/1) D:6            Lair (1/5) D:11
    Orc (0/2) D:11

Altars:
Ashenzari
Cheibriados
Dithmenos
Elyvilon
Fedhas
Gozag
Hepliaklqana
Kikubaaqudgha
Makhleb
Nemelex Xobeh
Okawaru
Qazlal
Ru
Sif Muna
Trog
Uskayaw
Vehumet
Wu Jian
Xom
Yredelemnul
Zin
The Shining One

Shops:
Lair:1 =

Annotations:
D:8 1 runed translucent door, demibob's ghost, novice DsCK
D:10 2 transporters, jejorda2's ghost, journeyman GnBe
D:12 Nessos


Innate Abilities, Weirdness & Mutations

You are an enormous anaconda.
You have a powerful constriction melee attack.
Your maximum health is increased.
((You have sharp claws.))
((You have razor-sharp teeth.))
You have supernaturally acute eyesight. (SInv)
((You cover ground quickly. (Speed+)))
((Your thick and shaggy fur keeps you warm. (AC +3, rC+)))
((Your paws help you pounce on unaware monsters.))
You are incapable of wielding weapons or throwing items.
You cannot wear armour.
You gain extra lives every three experience levels.


Message History

You constrict Nessos. Nessos barely misses you.
Nessos kicks you but does no damage. Nessos hits you but does no damage.
Nessos barely misses you.
You lash Nessos!
Nessos is moderately wounded.
You constrict Nessos, but do no damage. Nessos completely misses you.
Nessos kicks you but does no damage.
You hit Nessos but do no damage.
Nessos is moderately wounded.
You constrict Nessos. Nessos barely misses you. Nessos misses you.
Nessos completely misses you. Nessos closely misses you.
You lash Nessos!
Nessos is heavily wounded.
You constrict Nessos, but do no damage.
Nessos mumbles some strange words.
Nessos struggles to blink free from constriction.
Nessos hits you but does no damage. Nessos completely misses you.
You hit Nessos but do no damage.
Nessos is heavily wounded.
You constrict Nessos.
Nessos casts a spell.
Nessos struggles to blink free from constriction.
Nessos misses you. Nessos kicks you but does no damage.
You hit Nessos but do no damage.
Nessos is heavily wounded.
You constrict Nessos.
Nessos casts a spell.
Nessos blinks free!
Nessos wields a +2 longbow of flaming.
It bursts into flame!
Nessos shoots an arrow.
The arrow closely misses you.
Aiming: Paralyse
Press: ? - help, Shift-Dir - straight line, f - Nessos
Aim: Nessos, wielding a +2 longbow of flaming and wearing a +2 barding of cold resistance (heavily wounded, fast, chance to affect: 56%) Nessos resists with significant effort.
Nessos shoots an arrow.
The arrow hits you!!
* * * LOW HITPOINT WARNING * * *
The arrow burns you.
* * * LOW HITPOINT WARNING * * *
Nessos shoots an arrow.
The arrow hits you!
You die...
Your body crumbles into a pile of gold.

#......#.............# ...
#+####......#............#####..
.......######..##....##..#....#
.......# #..##....##..+....#
.......# #..........).#....#
.......# #............#....#
.......# #............#....#
...##### #............#....#
...+ ##+ #...S§.......#....#
...# #...##....?.......#....+
...# #.................+....###
#### +.................#.......
#.................##+##...
#................. #...
#................ #...
#..c....##....##. #... #.......#
....# #######


You could see Nessos (fast).

Vanquished Creatures
  Gastronok (D:10)
  A boulder beetle (D:12)
  4 two-headed ogres
  A deep elf pyromancer (D:8)
  A manticore (D:10)
  An ugly thing (D:11)
  Joseph (D:8)
  Maurice (D:9)
  A gargoyle (D:10)
  Psyche (D:8)
  4 cane toads (Lair:1)
  Maggie (D:10)
  3 komodo dragons
  A troll (D:10)
  A hornet (D:11)
  A slime creature (D:8)
  2 shadows (D:11)
  2 wraiths
  2 vampires
  3 basilisks
  28 yaks
  6 wyverns
  3 vampire mosquitoes (D:12)
  A steam dragon (D:8)
  2 acid dragons (D:11)
  A water moccasin (D:6)
  5 orc warriors
  An ice beast (D:5)
  3 wolves (Lair:1)
  9 centaurs
  A phantom (D:4)
  2 gnoll sergeants
  A kobold brigand (D:9)
  4 bullfrogs
  3 scorpions
  4 wights (D:10)
  5 killer bees
  3 howler monkeys
  4 orc priests
  3 jellies
  4 hounds
  An iron imp (D:11)
  A sleepcap (D:8)
  Jessica (D:3)
  An iguana (D:6)
  9 orc wizards
  Terence (D:2)
  6 adders
  5 gnolls
  A shadow imp (D:7)
  4 white imps
  3 ufetubi
  2 worms
  31 orcs
  3 endoplasms
  3 giant cockroaches (D:1)
  5 goblins
  4 hobgoblins
  9 jackals
  8 kobolds
  2 quokkas (D:2)
  5 ball pythons
  5 bats
  A frilled lizard (D:3)
  5 rats
242 creatures vanquished.

Vanquished Creatures (others)
  An orc wizard (D:6)
  An orc (D:11)
2 creatures vanquished.

Grand Total: 244 creatures vanquished

Notes
Turn   | Place    | Note
-------+----------+-------------------------------------------
     0 | D:1      | avis the Felid Shapeshifter began the quest for the Orb.
     0 | D:1      | Reached XP level 1. HP: 9/9 MP: 2/2
   291 | D:1      | Reached XP level 2. HP: 13/13 MP: 3/3
   891 | D:2      | Noticed Terence
   954 | D:2      | Slain by Terence
  1319 | D:2      | You fall into a shaft and drop 1 floor!
  1328 | D:3      | Noticed a floating eye
  1330 | D:3      | Found a faded altar of an unknown god.
  1334 | D:3      | Reached XP level 3. HP: 10/16 MP: 4/4
  1339 | D:3      | Noticed an eye of devastation
  1343 | D:3      | Noticed a great orb of eyes
  1348 | D:3      | Noticed a shining eye
  1756 | D:2      | Killed Terence
  1757 | D:2      | Reached XP level 4. HP: 21/21 MP: 5/5
  1848 | D:3      | Noticed Jessica
  1850 | D:3      | Killed Jessica
  1961 | D:3      | Reached skill level 5 in Dodging
  2062 | D:3      | Reached XP level 5. HP: 24/24 MP: 6/6
  2515 | D:3      | Identified the +0 robe of Yredelemnul, Rescuing {-Tele
                  | rPois Int+5 SInv}
  2866 | D:4      | Found a glowing golden altar of the Shining One.
  3096 | D:4      | Noticed a phantom
  3109 | D:4      | Killed a phantom
  3131 | D:4      | Reached skill level 5 in Unarmed Combat
  3131 | D:4      | Gained mutation: You are covered in thick fur. (AC +2)
                  | [Felid growth]
  3131 | D:4      | Reached XP level 6. HP: 22/28 MP: 7/7
  3140 | D:4      | Reached skill level 1 in Stealth
  3146 | D:4      | Reached skill level 4 in Shapeshifting
  3433 | D:5      | Entered Level 5 of the Dungeon
  3515 | D:5      | Reached skill level 5 in Shapeshifting
  3550 | D:5      | Reached XP level 7. HP: 28/31 MP: 8/8
  3632 | D:5      | Found an ornate altar of the Wu Jian Council.
  3718 | D:5      | Reached skill level 6 in Shapeshifting
  4141 | D:6      | Reached skill level 1 in Evocations
  4144 | D:6      | Reached skill level 7 in Shapeshifting
  4206 | D:6      | Found a hide-covered altar of Uskayaw.
  4206 | D:6      | Found a snail-covered altar of Cheibriados.
  4393 | D:6      | Noticed a wyvern
  4400 | D:6      | Killed a wyvern
  4406 | D:6      | Reached XP level 8. HP: 36/36 MP: 9/9
  4712 | D:6      | Reached skill level 5 in Fighting
  4757 | D:6      | Found a staircase to the Ecumenical Temple.
  4764 | Temple   | Entered the Ecumenical Temple
  5060 | D:6      | Slain by an orc warrior
  5510 | D:7      | Found a blossoming altar of Fedhas.
  5550 | D:7      | Found an iron altar of Okawaru.
  5685 | D:7      | Found a shadowy altar of Dithmenos.
  5987 | D:7      | Found an opulent altar of Gozag.
  5991 | D:7      | Became a worshipper of Gozag Ym Sagoz the Greedy
  6231 | D:8      | Reached XP level 9. HP: 39/40 MP: 10/10
  6237 | D:8      | Reached skill level 8 in Shapeshifting
  6306 | D:8      | Reached skill level 9 in Shapeshifting
  6382 | D:8      | Found a stormy altar of Qazlal.
  6625 | D:8      | Noticed a deep elf pyromancer
  6632 | D:8      | Killed a deep elf pyromancer
  6633 | D:8      | Reached skill level 10 in Shapeshifting
  6804 | D:8      | Reached skill level 10 in Dodging
  6824 | D:8      | Noticed Psyche
  6833 | D:8      | Killed Psyche
  6834 | D:8      | Reached XP level 10. HP: 34/44 MP: 11/11
  6904 | D:8      | Found a runed translucent door.
  6908 | D:8      | Noticed demibob's ghost (novice DsCK)
  7026 | D:7      | Learned a level 2 spell: Wereblood
  7061 | D:9      | Noticed Joseph
  7061 | D:9      | Noticed a two-headed ogre
  7167 | D:8      | Killed Joseph
  7246 | D:8      | Killed a two-headed ogre
  7247 | D:8      | Reached skill level 5 in Stealth
  7247 | D:8      | Reached skill level 11 in Shapeshifting
  7532 | D:9      | Noticed a two-headed ogre
  7541 | D:9      | Killed a two-headed ogre
  7542 | D:9      | Reached skill level 12 in Shapeshifting
  7998 | D:10     | Entered Level 10 of the Dungeon
  8091 | D:10     | Noticed Maggie
  8250 | D:10     | Noticed Maurice
  8261 | D:9      | Paralysed by Maurice for 2 turns
  8270 | D:9      | Killed Maurice
  8271 | D:9      | Reached skill level 13 in Shapeshifting
  8292 | D:10     | Noticed a manticore
  8302 | D:10     | Slain by a manticore
  8303 | D:10     | Found a radiant altar of Vehumet.
  8401 | D:10     | Killed a manticore
  8472 | D:10     | Reached XP level 11. HP: 47/47 MP: 12/12
  8507 | D:10     | Killed Maggie
  8549 | D:10     | Reached skill level 14 in Shapeshifting
  8645 | D:10     | Found a transporter.
  8648 | D:10     | Noticed jejorda2's ghost (journeyman GnBe)
  8649 | D:10     | Found a transporter.
  8651 | D:10     | Noticed a two-headed ogre
  8677 | D:10     | Killed a two-headed ogre
  8733 | D:10     | Noticed Gastronok
  8752 | D:10     | Killed Gastronok
  8859 | D:10     | Mangled by a yak
  9000 | D:10     | Noticed a two-headed ogre
  9024 | D:10     | Killed a two-headed ogre
  9354 | D:11     | Found a staircase to the Orcish Mines.
  9724 | D:11     | Found a snail-covered altar of Cheibriados.
  9790 | D:11     | Noticed a cyan ugly thing
  9798 | D:11     | Killed a cyan ugly thing
  9851 | D:11     | Reached skill level 10 in Unarmed Combat
  9931 | D:11     | Reached skill level 1 in Transmutations
 10016 | D:11     | Gained mutation: Your thick and shaggy fur keeps you warm.
                  | (AC +3, rC+) [Felid growth]
 10016 | D:11     | Reached XP level 12. HP: 51/51 MP: 13/13
 10295 | D:11     | Found a staircase to the Lair.
 10670 | Lair:1   | Entered Level 1 of the Lair of Beasts
 11064 | Lair:1   | Reached skill level 15 in Shapeshifting
 11522 | Lair:1   | Bought a serpent talisman for 600 gold pieces
 12115 | D:12     | Noticed a boulder beetle
 12138 | D:12     | Killed a boulder beetle
 12434 | D:12     | Noticed Nessos
 12471 | D:12     | Shot with an arrow by Nessos

Illustrated notes

Levels and vault maps discovered:
D:1:      dpeg_arrival_short_road, layout_basic, chequers_serial_rivers_small_3
D:2:      layout_loops_ring, uniq_terence
D:3:      layout_basic, hellmonk_ecumenical_altar_watching_god,
          serial_bayou_ford_a, minmay_large_rounded_square, minivault_26,
          skrybe_limestone_x, uniq_jessica
D:4:      layout_basic, nicolae_tso_swordbearing_angel, minmay_fountain_box
D:5:      layout_cave_pools, nzn_wu_jian_council_hall, serial_glass,
          glass_columns_a, glass_columns_a, glass_columns_a, glass_columns_a,
          glass_columns_b, glass_columns_b, glass_columns_a, glass_columns_a,
          kennysheep_generic_room_16
D:6:      layout_loops_corners, gammafunk_temple_overflow_wave,
          minmay_temple_entry_wispy
D:7:      layout_loops_ring, nicolae_dithmenos_the_darkroom,
          mainiacjoe_overflow_six_doors_small, mainiacjoe_overflow_alcove_4,
          mainiacjoe_overflow_alcove_2
D:8:      layout_loops_cross, general_overflow_altar, ebering_ghost_inner_flame,
          minmay_alternating_orb, uniq_psyche
D:9:      layout_roguey, uniq_joseph
D:10:     layout_loops_ring, overflow_temple_1_default, gammafunk_ghost_hive,
          grunt_potential, uniq_maggie, uniq_maurice, uniq_gastronok
D:11:     layout_roguey, erik_lair_dragon, david_orc_2, dk_noncrumbling_3,
          slow_altar_2
D:12:     layout_gridville, uniq_nessos
Temple:   hc_temple_tempest_star
Lair:1:   layout_roguey

Skill      XL: |  1  2  3  4  5  6  7  8  9 10 11 12 |
---------------+-------------------------------------+-----
Fighting       | 2 3 4 5 |  5.0
Dodging        | 4 5 8 10 | 10.0
Unarmed Combat | 5 10 | 10.0
Stealth        | 1 2 3 4 5 6 |  6.0
Shapeshifting  | 5 7 10 13 14 15 | 15.6
Evocations     | 1 3 |  3.0
Transmutations | 1 |  1.0

Action                     |  1- 3 |  4- 6 |  7- 9 | 10-12 || total
---------------------------+-------+-------+-------+-------++-------
  Melee: Unarmed           |    64 |   151 |   251 |   452 ||   918
         Bite              |     6 |    23 |    36 |    70 ||   135
         Punch             |     2 |       |     5 |    23 ||    30
         Constrict         |       |       |       |     1 ||     1
 Invoke: Call Merchant     |       |       |       |     1 ||     1
  Evoke: Wand              |     1 |       |     6 |    18 ||    25
    Use: Potion            |     1 |     2 |     2 |     1 ||     6
         Scroll            |       |       |       |     8 ||     8
   Stab: Sleeping          |     2 |       |     3 |    12 ||    17
         Paralysed         |     3 |       |     9 |    21 ||    33
         Distracted        |       |       |     1 |     2 ||     3
 Armour: Skin              |    13 |    37 |    69 |   113 ||   232
  Dodge: Dodged            |    39 |   136 |   206 |   475 ||   856
   Form: Flux              |       |       |     2 |     1 ||     3
                           |       |       |     1 |       ||     1
         Blade             |       |       |       |     2 ||     2
         Anaconda          |       |       |       |     1 ||     1

Table legend: (Time is in decaauts)
 A = Elapsed time spent in this place.
 B = Non-inter-level travel time spent in this place.
 C = Inter-level travel time spent in this place.
 D = Time resting spent in this place.
 E = Time spent auto-exploring this place.
 F = Levels seen in this place.
 G = Mean time per level.
                   A        B        C        D        E       F      G
               +--------+--------+--------+--------+--------+-----+--------+
         Total |  10447 |   8684 |   1763 |    669 |   4509 |  14 |  746.2 |
       Dungeon |   9713 |   8043 |   1670 |    647 |   4353 |  12 |  809.4 |
        Temple |      5 |      3 |      2 |      0 |      0 |   1 |    5.0 |
          Lair |    728 |    637 |     91 |     22 |    155 |   1 |  728.0 |
               +--------+--------+--------+--------+--------+-----+--------+

Top non-repeatable levels by time:
    D:11: 1279 daAuts
    D:10: 1129 daAuts
     D:8: 1048 daAuts
     D:6: 938 daAuts
     D:3: 805 daAuts
     D:9: 798 daAuts
     D:7: 783 daAuts
     D:1: 753 daAuts
     D:4: 747 daAuts
  Lair:1: 728 daAuts
     D:2: 651 daAuts
     D:5: 526 daAuts
    D:12: 251 daAuts
  Temple: 5 daAuts
